2977 views
Uploaded 2020-03-14 22:58:52
Game version 1.32.2
31:56 long 3on3 ladder game on (8)Battleground_LV
Saved by BEARAND
2977 views
Uploaded 2020-03-14 22:58:52
Game version 1.32.2
31:56 long 3on3 ladder game on (8)Battleground_LV


192 units @ 25.4k
/ 4.1k
59 buildings @ 10.3k
/ 4.9k

| Lesser Clarity Potion | 1 | 70 |
| Potion of Mana | 1 | 200 |
| total: | 2 | 270g |
| Wisp | 33 | 1980 | / | 0 |
| Archer | 9 | 1170 | / | 90 |
| Huntress | 10 | 1950 | / | 200 |
| Glaive Thrower | 5 | 1050 | / | 325 |
| Chimaera | 5 | 1650 | / | 350 |
| total: | 62 | 7800g | / | 965w |
| Ancient Protector | 5 | 675 | / | 400 |
| Moon Well | 7 | 1260 | / | 280 |
| Ancient of War | 3 | 450 | / | 180 |
| Altar of Elders | 1 | 180 | / | 50 |
| Ancient of Wonders | 1 | 90 | / | 30 |
| Hunter's Hall | 1 | 210 | / | 100 |
| Tree of Life | 3 | 1020 | / | 555 |
| Ancient of Wind | 2 | 300 | / | 280 |
| Chimaera Roost | 5 | 700 | / | 950 |
| Tree of Ages | 1 | 320 | / | 180 |
| Tree of Eternity | 1 | 330 | / | 200 |
| total: | 28 | 4885g | / | 2825w |
| 0:03 | Wisp |
| 0:03 | Wisp |
| 0:17 | Moon Well |
| 0:33 | Wisp |
| 0:36 | Wisp |
| 0:39 | Ancient of War |
| 0:45 | Wisp |
| 0:50 | Altar of Elders |
| 1:02 | Wisp |
| 1:30 | Wisp |
| 1:41 | Archer |
| 1:44 | Moon Well |
| 1:51 | Moon Well |
| 2:00 | Archer |
| 2:12 | Ancient of Wonders |
| 2:15 | Wisp |
| 2:36 | Wisp |
| 2:37 | Archer |
| 2:48 | Archer |
| 2:57 | Fan of Knives |
| 3:12 | Archer |
| 3:15 | Hunter's Hall |
| 3:34 | Archer |
| 3:35 | Wisp |
| 4:02 | Blink |
| 4:06 | Wisp |
| 4:10 | Moon Well |
| 4:10 | Moon Well |
| 4:23 | Strength of the Moon |
| 5:15 | Wisp |
| 5:16 | Wisp |
| 5:19 | Tree of Life |
| 5:25 | Archer |
| 5:57 | Fan of Knives |
| 6:13 | Ancient Protector |
| 6:15 | Wisp |
| 6:15 | Wisp |
| 6:22 | Wisp |
| 6:26 | Ancient Protector |
| 6:33 | Ancient of War |
| 6:37 | Ancient Protector |
| 7:02 | Wisp |
| 7:02 | Wisp |
| 7:02 | Wisp |
| 7:03 | Wisp |
| 7:07 | Ancient Protector |
| 7:36 | Blink |
| 7:45 | Moon Well |
| 7:45 | Moon Well |
| 7:52 | Wisp |
| 8:22 | Tree of Life |
| 8:24 | Wisp |
| 8:27 | Ancient Protector |
| 8:29 | Wisp |
| 8:34 | Wisp |
| 8:41 | Tree of Life |
| 8:53 | Huntress |
| 8:57 | Wisp |
| 8:58 | Wisp |
| 9:07 | Huntress |
| 9:11 | Moon Armor |
| 9:21 | Huntress |
| 9:44 | Tree of Ages |
| 9:49 | Huntress |
| 10:22 | Ancient of War |
| 10:32 | Sentinel |
| 10:52 | Wisp |
| 11:05 | Strength of the Wild |
| 11:05 | Reinforced Hides |
| 11:42 | Glaive Thrower |
| 12:34 | Vorpal Blades |
| 12:35 | Huntress |
| 12:38 | Improved Strength of the Moon |
| 12:51 | Huntress |
| 12:54 | Wisp |
| 13:13 | Moon Glaive |
| 13:15 | Improved Moon Armor |
| 13:29 | Archer |
| 13:30 | Improved Bows |
| 14:25 | Tree of Eternity |
| 14:27 | Huntress |
| 14:28 | Archer |
| 15:03 | Glaive Thrower |
| 17:09 | Huntress |
| 18:07 | Huntress |
| 18:09 | Advanced Strength of the Moon |
| 18:16 | Huntress |
| 18:40 | Fan of Knives |
| 19:21 | Glaive Thrower |
| 19:21 | Glaive Thrower |
| 19:23 | Glaive Thrower |
| 19:25 | Advanced Moon Armor |
| 21:12 | Ultravision |
| 22:17 | Chimaera Roost |
| 22:17 | Chimaera Roost |
| 22:17 | Chimaera Roost |
| 23:19 | Chimaera Roost |
| 24:25 | Corrosive Breath |
| 24:28 | Wisp |
| 24:29 | Wisp |
| 24:29 | Wisp |
| 24:41 | Chimaera Roost |
| 24:46 | Chimaera |
| 25:02 | Wisp |
| 25:03 | Wisp |
| 25:20 | Lesser Clarity Potion |
| 25:23 | Potion of Mana |
| 25:42 | Chimaera |
| 25:53 | Improved Strength of the Wild |
| 26:15 | Chimaera |
| 26:47 | Chimaera |
| 27:35 | Chimaera |
| 28:53 | Ancient of Wind |
| 28:53 | Ancient of Wind |
| Right click | 1989 |
| Select | 386 |
| Select group | 288 |
| Build/train/purchase | 135 |
| Assign group | 34 |
| Use ability | 30 |
| Remove unit | 5 |
| Misc. action | 3 |
| Item give/drop | 3 |


| Healing Salve | 1 | 100 |
| Circlet of Nobility | 1 | 175 |
| Potion of Lesser Invulnerability | 1 | 150 |
| total: | 3 | 425g |
| Peon | 16 | 1200 | / | 0 |
| Troll Headhunter | 12 | 1680 | / | 240 |
| Troll Witch Doctor | 8 | 1160 | / | 200 |
| Troll Berserker | 19 | 2660 | / | 380 |
| Demolisher | 6 | 1320 | / | 300 |
| total: | 61 | 8020g | / | 1120w |
| Barracks | 2 | 360 | / | 100 |
| War Mill | 1 | 205 | / | 0 |
| Orc Burrow | 6 | 960 | / | 240 |
| Altar of Storms | 1 | 180 | / | 50 |
| Voodoo Lounge | 1 | 130 | / | 30 |
| Great Hall | 1 | 385 | / | 185 |
| Spirit Lodge | 1 | 150 | / | 150 |
| Stronghold | 1 | 315 | / | 190 |
| Fortress | 2 | 650 | / | 380 |
| total: | 13 | 2370g | / | 755w |
| 0:01 | Peon |
| 0:11 | Peon |
| 0:17 | Barracks |
| 0:21 | War Mill |
| 0:26 | Orc Burrow |
| 0:37 | Peon |
| 0:47 | Peon |
| 0:59 | Peon |
| 1:20 | Altar of Storms |
| 1:23 | Peon |
| 1:40 | Orc Burrow |
| 1:55 | Peon |
| 2:08 | Troll Headhunter |
| 2:26 | Peon |
| 2:42 | Stronghold |
| 2:56 | Troll Headhunter |
| 3:09 | Voodoo Lounge |
| 3:19 | War Stomp |
| 3:22 | Troll Headhunter |
| 3:40 | Troll Headhunter |
| 3:50 | Orc Burrow |
| 4:04 | Troll Headhunter |
| 4:22 | Troll Headhunter |
| 4:33 | Orc Burrow |
| 4:50 | Endurance Aura |
| 4:58 | Troll Headhunter |
| 5:30 | Healing Salve |
| 6:00 | Endurance Aura |
| 6:03 | Troll Regeneration |
| 6:05 | Barracks |
| 6:23 | Hex |
| 7:03 | Troll Headhunter |
| 7:09 | Fortress |
| 7:14 | Spirit Lodge |
| 7:31 | Circlet of Nobility |
| 8:14 | Healing Wave |
| 8:40 | Troll Headhunter |
| 8:42 | Orc Burrow |
| 8:44 | Witch Doctor Adept Training |
| 9:20 | War Stomp |
| 9:24 | Troll Headhunter |
| 9:27 | Steel Melee Weapons |
| 9:27 | Steel Armor |
| 9:37 | Potion of Lesser Invulnerability |
| 9:45 | Witch Doctor Master Training |
| 9:47 | Berserker Upgrade |
| 9:48 | Troll Headhunter |
| 10:10 | Orc Burrow |
| 10:12 | Troll Witch Doctor |
| 10:13 | Troll Headhunter |
| 10:28 | Healing Wave |
| 10:38 | Troll Berserker |
| 12:29 | Troll Berserker |
| 12:56 | Great Hall |
| 13:08 | Troll Berserker |
| 13:12 | Demolisher |
| 13:21 | Troll Witch Doctor |
| 14:06 | Demolisher |
| 14:21 | Demolisher |
| 14:53 | Demolisher |
| 16:02 | Peon |
| 16:02 | Peon |
| 16:45 | Hex |
| 17:04 | Demolisher |
| 17:05 | Peon |
| 17:05 | Peon |
| 17:22 | Troll Witch Doctor |
| 17:22 | Troll Witch Doctor |
| 17:33 | Peon |
| 17:33 | Peon |
| 18:34 | Peon |
| 19:18 | Troll Berserker |
| 19:18 | Troll Berserker |
| 19:52 | Troll Berserker |
| 19:52 | Troll Berserker |
| 20:13 | Demolisher |
| 21:13 | Troll Berserker |
| 21:13 | Troll Berserker |
| 21:45 | Troll Berserker |
| 23:23 | Peon |
| 23:43 | Endurance Aura |
| 24:53 | Troll Berserker |
| 24:53 | Troll Berserker |
| 25:45 | Troll Witch Doctor |
| 25:45 | Troll Witch Doctor |
| 26:42 | Troll Berserker |
| 27:13 | Troll Berserker |
| 27:15 | Thorium Armor |
| 27:33 | Troll Berserker |
| 27:55 | Troll Berserker |
| 28:36 | Troll Witch Doctor |
| 28:36 | Troll Witch Doctor |
| 28:37 | Troll Berserker |
| 28:38 | Troll Berserker |
| 29:18 | Troll Berserker |
| Right click | 2298 |
| Select | 1044 |
| Build/train/purchase | 136 |
| Use ability | 65 |
| Misc. action | 41 |
| Select group | 14 |
| Item give/drop | 4 |
| Assign group | 3 |
| Remove unit | 3 |
| Minimap ping | 3 |

| Wisp | 33 | 1980 | / | 0 |
| Archer | 3 | 390 | / | 30 |
| Huntress | 6 | 1170 | / | 120 |
| Dryad | 8 | 1160 | / | 480 |
| Druid of the Claw | 9 | 2295 | / | 720 |
| Glaive Thrower | 6 | 1260 | / | 390 |
| Mountain Giant | 3 | 1050 | / | 300 |
| Ogre Mauler | 1 | 300 | / | 0 |
| total: | 69 | 9605g | / | 2040w |
| Ancient Protector | 4 | 540 | / | 320 |
| Altar of Elders | 1 | 180 | / | 50 |
| Moon Well | 7 | 1260 | / | 280 |
| Ancient of War | 1 | 150 | / | 60 |
| Hunter's Hall | 1 | 210 | / | 100 |
| Tree of Life | 1 | 340 | / | 185 |
| Ancient of Wonders | 1 | 90 | / | 30 |
| Ancient of Lore | 2 | 310 | / | 290 |
| Tree of Ages | 1 | 320 | / | 180 |
| Tree of Eternity | 1 | 330 | / | 200 |
| total: | 18 | 3080g | / | 1315w |
| 0:05 | Wisp |
| 0:06 | Wisp |
| 0:11 | Altar of Elders |
| 0:20 | Moon Well |
| 0:22 | Wisp |
| 0:39 | Wisp |
| 1:00 | Ancient of War |
| 1:04 | Wisp |
| 1:05 | Wisp |
| 1:15 | Wisp |
| 1:28 | Wisp |
| 1:39 | Moon Well |
| 1:43 | Wisp |
| 2:01 | Archer |
| 2:08 | Wisp |
| 2:17 | Hunter's Hall |
| 2:20 | Force of Nature |
| 2:38 | Archer |
| 3:01 | Wisp |
| 3:01 | Wisp |
| 3:01 | Wisp |
| 3:05 | Archer |
| 3:23 | Huntress |
| 3:37 | Ancient Protector |
| 3:56 | Huntress |
| 4:00 | Wisp |
| 4:22 | Moon Well |
| 4:39 | Tree of Ages |
| 4:56 | Strength of the Wild |
| 5:15 | Entangling Roots |
| 5:19 | Huntress |
| 5:29 | Moon Well |
| 6:29 | Huntress |
| 6:33 | Moon Well |
| 6:34 | Reinforced Hides |
| 6:54 | Huntress |
| 7:04 | Ancient of Lore |
| 7:10 | Ancient of Lore |
| 7:29 | Huntress |
| 7:46 | Wisp |
| 7:51 | Improved Strength of the Wild |
| 8:14 | Force of Nature |
| 8:23 | Ogre Mauler |
| 8:32 | Abolish Magic |
| 8:36 | Dryad |
| 8:55 | Dryad |
| 9:01 | Dryad |
| 9:37 | Dryad |
| 9:40 | Wisp |
| 10:02 | Moon Well |
| 10:06 | Dryad |
| 10:09 | Druid of the Claw Adept Training |
| 10:45 | Druid of the Claw |
| 11:07 | Dryad |
| 12:29 | Glaive Thrower |
| 12:31 | Druid of the Claw |
| 13:04 | Vorpal Blades |
| 13:07 | Tree of Eternity |
| 13:47 | Druid of the Claw |
| 13:49 | Druid of the Claw |
| 14:37 | Druid of the Claw |
| 14:39 | Dryad |
| 15:02 | Glaive Thrower |
| 15:28 | Druid of the Claw Master Training |
| 15:45 | Druid of the Claw |
| 17:22 | Tree of Life |
| 17:32 | Druid of the Claw |
| 17:34 | Druid of the Claw |
| 17:56 | Glaive Thrower |
| 18:28 | Improved Reinforced Hides |
| 19:00 | Dryad |
| 19:05 | Ancient of Wonders |
| 20:18 | Mountain Giant |
| 20:23 | Hardened Skin |
| 20:29 | Wisp |
| 20:29 | Wisp |
| 20:29 | Wisp |
| 20:29 | Wisp |
| 21:01 | Ancient Protector |
| 21:05 | Ancient Protector |
| 21:32 | Wisp |
| 21:32 | Wisp |
| 21:32 | Wisp |
| 21:53 | Wisp |
| 21:53 | Wisp |
| 22:01 | Ancient Protector |
| 22:42 | Wisp |
| 22:43 | Wisp |
| 23:00 | Wisp |
| 23:00 | Wisp |
| 23:40 | Mountain Giant |
| 24:01 | Moon Well |
| 24:56 | Wisp |
| 24:56 | Wisp |
| 25:03 | Wisp |
| 25:03 | Wisp |
| 27:37 | Glaive Thrower |
| 27:47 | Entangling Roots |
| 28:17 | Mountain Giant |
| 28:58 | Glaive Thrower |
| 29:01 | Druid of the Claw |
| 30:33 | Glaive Thrower |
| 31:16 | Entangling Roots |
| Right click | 1236 |
| Select | 516 |
| Build/train/purchase | 121 |
| Use ability | 42 |
| Remove unit | 2 |
88 units @ 6.5k
/ 0.1k
353 buildings @ 21.3k
/ 9.8k



| Staff of Sanctuary | 3 | 750 |
| Boots of Speed | 3 | 750 |
| Staff of Teleportation | 4 | 600 |
| Periapt of Vitality | 2 | 650 |
| Circlet of Nobility | 1 | 175 |
| Orb of Venom | 2 | 650 |
| total: | 15 | 3575g |
| Peasant | 19 | 1425 | / | 0 |
| Priest | 1 | 135 | / | 10 |
| Dragonhawk Rider | 4 | 800 | / | 120 |
| total: | 24 | 2360g | / | 130w |
| Scout Tower | 133 | 3990 | / | 2660 |
| Arcane Tower | 4 | 280 | / | 200 |
| Guard Tower | 111 | 7770 | / | 5550 |
| Altar of Kings | 1 | 180 | / | 50 |
| Farm | 6 | 480 | / | 120 |
| Lumber Mill | 1 | 120 | / | 0 |
| Town Hall | 2 | 770 | / | 410 |
| Arcane Vault | 2 | 260 | / | 60 |
| Blacksmith | 1 | 140 | / | 60 |
| Barracks | 1 | 160 | / | 60 |
| Arcane Sanctum | 1 | 150 | / | 140 |
| Gryphon Aviary | 1 | 140 | / | 150 |
| Keep | 1 | 320 | / | 210 |
| Castle | 1 | 360 | / | 210 |
| total: | 149 | 6390g | / | 3710w |
| 0:01 | Peasant |
| 0:02 | Peasant |
| 0:07 | Altar of Kings |
| 0:14 | Peasant |
| 0:18 | Farm |
| 0:20 | Peasant |
| 0:32 | Lumber Mill |
| 0:35 | Peasant |
| 0:50 | Peasant |
| 0:54 | Scout Tower |
| 0:59 | Peasant |
| 1:16 | Peasant |
| 1:18 | Farm |
| 1:22 | Peasant |
| 1:33 | Peasant |
| 1:36 | Arcane Tower |
| 1:40 | Scout Tower |
| 1:49 | Peasant |
| 1:51 | Scout Tower |
| 2:07 | Blizzard |
| 2:10 | Guard Tower |
| 2:11 | Scout Tower |
| 2:31 | Peasant |
| 2:32 | Peasant |
| 2:34 | Guard Tower |
| 2:45 | Peasant |
| 2:51 | Scout Tower |
| 3:05 | Brilliance Aura |
| 3:08 | Guard Tower |
| 3:11 | Scout Tower |
| 3:12 | Scout Tower |
| 3:12 | Scout Tower |
| 3:13 | Scout Tower |
| 3:26 | Guard Tower |
| 3:33 | Keep |
| 3:43 | Boots of Speed |
| 3:49 | Staff of Teleportation |
| 4:04 | Guard Tower |
| 4:09 | Farm |
| 4:33 | Improved Masonry |
| 4:34 | Guard Tower |
| 5:22 | Guard Tower |
| 5:35 | Town Hall |
| 5:39 | Scout Tower |
| 5:41 | Scout Tower |
| 5:42 | Scout Tower |
| 5:42 | Scout Tower |
| 5:43 | Scout Tower |
| 5:45 | Scout Tower |
| 5:59 | Farm |
| 6:01 | Advanced Masonry |
| 6:37 | Guard Tower |
| 6:38 | Guard Tower |
| 6:38 | Guard Tower |
| 6:55 | Scout Tower |
| 6:56 | Scout Tower |
| 6:56 | Scout Tower |
| 6:57 | Scout Tower |
| 7:01 | Guard Tower |
| 7:15 | Storm Bolt |
| 7:29 | Guard Tower |
| 7:29 | Guard Tower |
| 7:42 | Arcane Sanctum |
| 8:26 | Castle |
| 8:27 | Peasant |
| 8:28 | Peasant |
| 8:29 | Arcane Tower |
| 8:32 | Scout Tower |
| 8:33 | Scout Tower |
| 8:34 | Scout Tower |
| 8:56 | Boots of Speed |
| 8:58 | Periapt of Vitality |
| 9:10 | Arcane Tower |
| 9:11 | Guard Tower |
| 9:12 | Scout Tower |
| 9:13 | Scout Tower |
| 9:14 | Scout Tower |
| 9:14 | Scout Tower |
| 9:14 | Scout Tower |
| 9:15 | Scout Tower |
| 9:19 | Magic Sentry |
| 9:21 | Priest |
| 9:33 | Arcane Vault |
| 9:46 | Imbued Masonry |
| 9:48 | Guard Tower |
| 9:51 | Arcane Vault |
| 10:40 | Guard Tower |
| 10:42 | Guard Tower |
| 10:42 | Guard Tower |
| 10:44 | Scout Tower |
| 10:45 | Scout Tower |
| 10:46 | Scout Tower |
| 10:46 | Scout Tower |
| 10:59 | Improved Lumber Harvesting |
| 11:19 | Scout Tower |
| 11:19 | Scout Tower |
| 11:20 | Scout Tower |
| 11:21 | Scout Tower |
| 11:22 | Guard Tower |
| 11:36 | Peasant |
| 11:38 | Guard Tower |
| 11:41 | Scout Tower |
| 11:41 | Scout Tower |
| 11:42 | Scout Tower |
| 12:08 | Holy Light |
| 12:59 | Scout Tower |
| 12:59 | Scout Tower |
| 13:00 | Scout Tower |
| 13:01 | Scout Tower |
| 13:02 | Scout Tower |
| 13:02 | Scout Tower |
| 13:10 | Boots of Speed |
| 13:10 | Staff of Teleportation |
| 13:12 | Periapt of Vitality |
| 13:13 | Circlet of Nobility |
| 13:17 | Staff of Sanctuary |
| 13:19 | Guard Tower |
| 13:20 | Guard Tower |
| 13:26 | Orb of Venom |
| 13:30 | Staff of Sanctuary |
| 13:36 | Guard Tower |
| 13:40 | Scout Tower |
| 13:40 | Scout Tower |
| 13:40 | Scout Tower |
| 13:41 | Scout Tower |
| 13:49 | Gryphon Aviary |
| 13:50 | Farm |
| 13:51 | Farm |
| 13:57 | Guard Tower |
| 14:00 | Peasant |
| 14:20 | Scout Tower |
| 14:53 | Guard Tower |
| 14:53 | Guard Tower |
| 14:55 | Guard Tower |
| 14:56 | Scout Tower |
| 14:57 | Scout Tower |
| 14:57 | Scout Tower |
| 14:57 | Scout Tower |
| 15:11 | Staff of Teleportation |
| 15:12 | Staff of Teleportation |
| 15:20 | Staff of Sanctuary |
| 15:46 | Guard Tower |
| 15:46 | Guard Tower |
| 15:49 | Scout Tower |
| 15:50 | Scout Tower |
| 15:51 | Guard Tower |
| 15:52 | Orb of Venom |
| 16:10 | Blizzard |
| 17:10 | Dragonhawk Rider |
| 17:10 | Dragonhawk Rider |
| 17:11 | Dragonhawk Rider |
| 17:11 | Dragonhawk Rider |
| 17:48 | Guard Tower |
| 17:49 | Guard Tower |
| 17:50 | Guard Tower |
| 17:51 | Scout Tower |
| 17:52 | Scout Tower |
| 17:52 | Scout Tower |
| 17:53 | Scout Tower |
| 17:54 | Scout Tower |
| 17:55 | Scout Tower |
| 18:04 | Blacksmith |
| 18:05 | Barracks |
| 18:20 | Guard Tower |
| 18:48 | Guard Tower |
| 18:58 | Bash |
| 19:41 | Guard Tower |
| 20:06 | Town Hall |
| 20:45 | Scout Tower |
| 20:46 | Scout Tower |
| 20:47 | Scout Tower |
| 20:47 | Scout Tower |
| 20:47 | Scout Tower |
| 20:47 | Scout Tower |
| 21:26 | Guard Tower |
| 21:54 | Guard Tower |
| 21:57 | Scout Tower |
| 21:58 | Scout Tower |
| 21:59 | Scout Tower |
| 21:59 | Scout Tower |
| 22:00 | Scout Tower |
| 22:00 | Scout Tower |
| 22:13 | Divine Shield |
| 22:18 | Guard Tower |
| 22:26 | Iron Forged Swords |
| 22:26 | Studded Leather Armor |
| 22:26 | Animal War Training |
| 22:34 | Guard Tower |
| 22:38 | Guard Tower |
| 22:44 | Scout Tower |
| 22:45 | Scout Tower |
| 22:58 | Guard Tower |
| 23:00 | Scout Tower |
| 23:01 | Scout Tower |
| 23:01 | Scout Tower |
| 23:02 | Scout Tower |
| 23:16 | Guard Tower |
| 23:17 | Guard Tower |
| 23:17 | Guard Tower |
| 23:32 | Guard Tower |
| 23:34 | Scout Tower |
| 23:35 | Scout Tower |
| 23:38 | Guard Tower |
| 23:39 | Guard Tower |
| 23:43 | Scout Tower |
| 23:43 | Scout Tower |
| 23:44 | Scout Tower |
| 23:45 | Scout Tower |
| 23:45 | Scout Tower |
| 23:49 | Scout Tower |
| 23:50 | Scout Tower |
| 23:50 | Scout Tower |
| 23:59 | Peasant |
| 24:00 | Guard Tower |
| 24:14 | Guard Tower |
| 24:15 | Scout Tower |
| 24:30 | Guard Tower |
| 24:58 | Guard Tower |
| 24:58 | Guard Tower |
| 24:59 | Guard Tower |
| 24:59 | Guard Tower |
| 25:02 | Scout Tower |
| 25:02 | Scout Tower |
| 25:03 | Scout Tower |
| 25:03 | Scout Tower |
| 25:15 | Guard Tower |
| 25:16 | Scout Tower |
| 25:16 | Scout Tower |
| 25:38 | Guard Tower |
| 25:40 | Guard Tower |
| 25:41 | Guard Tower |
| 25:44 | Scout Tower |
| 25:44 | Guard Tower |
| 26:06 | Scout Tower |
| 26:20 | Brilliance Aura |
| 26:22 | Guard Tower |
| 26:25 | Scout Tower |
| 26:25 | Scout Tower |
| 26:33 | Guard Tower |
| 26:34 | Scout Tower |
| 26:49 | Storm Bolt |
| 26:52 | Guard Tower |
| 26:53 | Scout Tower |
| 27:00 | Guard Tower |
| 27:00 | Guard Tower |
| 27:04 | Guard Tower |
| 27:17 | Guard Tower |
| 27:19 | Scout Tower |
| 27:19 | Scout Tower |
| 27:24 | Guard Tower |
| 27:26 | Scout Tower |
| 27:27 | Scout Tower |
| 27:41 | Scout Tower |
| 27:42 | Scout Tower |
| 27:43 | Scout Tower |
| 27:43 | Scout Tower |
| 27:54 | Guard Tower |
| 28:09 | Scout Tower |
| 28:11 | Scout Tower |
| 28:11 | Scout Tower |
| 28:12 | Scout Tower |
| 28:12 | Scout Tower |
| 28:13 | Guard Tower |
| 28:15 | Scout Tower |
| 28:15 | Scout Tower |
| 28:16 | Scout Tower |
| 28:23 | Guard Tower |
| 28:25 | Scout Tower |
| 28:26 | Scout Tower |
| 28:26 | Scout Tower |
| 28:27 | Scout Tower |
| 28:27 | Scout Tower |
| 29:03 | Guard Tower |
| 29:03 | Guard Tower |
| 29:05 | Scout Tower |
| 29:06 | Scout Tower |
| 29:18 | Guard Tower |
| 29:40 | Guard Tower |
| 29:40 | Guard Tower |
| 29:40 | Guard Tower |
| 29:43 | Scout Tower |
| 29:43 | Scout Tower |
| 29:44 | Scout Tower |
| 30:09 | Guard Tower |
| 30:15 | Guard Tower |
| 30:42 | Guard Tower |
| 30:47 | Guard Tower |
| 30:48 | Guard Tower |
| 30:48 | Guard Tower |
| 30:57 | Guard Tower |
| 31:02 | Guard Tower |
| 31:03 | Scout Tower |
| 31:04 | Guard Tower |
| 31:08 | Scout Tower |
| 31:36 | Guard Tower |
| 31:40 | Scout Tower |
| 31:41 | Scout Tower |
| Right click | 3162 |
| Select | 1211 |
| Select group | 558 |
| Build/train/purchase | 314 |
| Chat | 175 |
| Use ability | 133 |
| Item give/drop | 26 |
| Misc. action | 24 |
| Assign group | 17 |
| Resource trade | 11 |
| Minimap ping | 10 |


| Orb of Venom | 2 | 650 |
| Staff of Preservation | 2 | 300 |
| Moonstone | 2 | 100 |
| Boots of Speed | 2 | 500 |
| Staff of Teleportation | 2 | 300 |
| Scroll of Regeneration | 1 | 100 |
| total: | 11 | 1950g |
| Wisp | 41 | 2460 | / | 0 |
| total: | 41 | 2460g | / | 0w |
| Altar of Elders | 1 | 180 | / | 50 |
| Moon Well | 38 | 6840 | / | 1520 |
| Hunter's Hall | 1 | 210 | / | 100 |
| Ancient of Wonders | 4 | 360 | / | 120 |
| Tree of Life | 4 | 1360 | / | 740 |
| Tree of Ages | 1 | 320 | / | 180 |
| Tree of Eternity | 2 | 660 | / | 400 |
| total: | 48 | 8950g | / | 2530w |
| 0:02 | Wisp |
| 0:05 | Altar of Elders |
| 0:15 | Wisp |
| 0:17 | Moon Well |
| 0:28 | Wisp |
| 0:32 | Wisp |
| 0:42 | Wisp |
| 0:53 | Wisp |
| 1:11 | Wisp |
| 1:20 | Wisp |
| 1:37 | Moon Well |
| 1:42 | Moon Well |
| 1:53 | Wisp |
| 2:06 | Mana Burn |
| 2:07 | Wisp |
| 2:19 | Wisp |
| 2:20 | Wisp |
| 2:45 | Wisp |
| 2:56 | Wisp |
| 3:13 | Wisp |
| 3:19 | Wisp |
| 3:42 | Moon Well |
| 3:54 | Wisp |
| 4:00 | Wisp |
| 4:20 | Wisp |
| 4:33 | Wisp |
| 4:43 | Moon Well |
| 5:12 | Evasion |
| 5:20 | Tree of Ages |
| 5:54 | Moon Well |
| 7:09 | Moon Well |
| 7:48 | Tree of Eternity |
| 8:08 | Hunter's Hall |
| 8:33 | Boots of Speed |
| 8:33 | Staff of Teleportation |
| 9:03 | Shadow Strike |
| 9:17 | Moon Well |
| 9:27 | Ultravision |
| 9:31 | Ancient of Wonders |
| 9:34 | Ancient of Wonders |
| 9:37 | Ancient of Wonders |
| 9:57 | Tree of Life |
| 10:11 | Wisp |
| 10:11 | Wisp |
| 10:11 | Wisp |
| 10:15 | Well Spring |
| 10:23 | Wisp |
| 10:36 | Boots of Speed |
| 10:45 | Staff of Teleportation |
| 11:00 | Wisp |
| 11:09 | Mana Burn |
| 11:43 | Moon Well |
| 11:46 | Moon Well |
| 11:48 | Tree of Life |
| 12:21 | Blink |
| 12:56 | Wisp |
| 12:56 | Wisp |
| 12:57 | Wisp |
| 12:57 | Wisp |
| 12:57 | Wisp |
| 13:01 | Moon Well |
| 13:16 | Orb of Venom |
| 13:18 | Staff of Preservation |
| 13:36 | Ancient of Wonders |
| 13:38 | Wisp |
| 13:38 | Wisp |
| 14:00 | Tree of Life |
| 14:03 | Moon Well |
| 14:10 | Moon Well |
| 14:14 | Moon Well |
| 14:14 | Moon Well |
| 14:21 | Wisp |
| 14:23 | Wisp |
| 14:27 | Wisp |
| 14:27 | Wisp |
| 15:01 | Moon Well |
| 15:02 | Moon Well |
| 15:04 | Orb of Venom |
| 15:04 | Staff of Preservation |
| 16:18 | Moon Well |
| 16:41 | Scroll of Regeneration |
| 16:57 | Moon Well |
| 16:58 | Moon Well |
| 17:06 | Moon Well |
| 17:07 | Moon Well |
| 17:48 | Moon Well |
| 17:49 | Moon Well |
| 17:51 | Moon Well |
| 17:52 | Moon Well |
| 17:58 | Moonstone |
| 18:04 | Moon Well |
| 19:21 | Moon Well |
| 19:22 | Moon Well |
| 19:30 | Moonstone |
| 20:05 | Moon Well |
| 20:06 | Moon Well |
| 20:09 | Moon Well |
| 20:10 | Moon Well |
| 20:14 | Moon Well |
| 20:15 | Moon Well |
| 20:48 | Evasion |
| 20:50 | Shadow Strike |
| 21:53 | Moon Well |
| 22:33 | Moon Well |
| 22:53 | Moon Well |
| 23:08 | Blink |
| 24:54 | Evasion |
| 27:41 | Tree of Life |
| 27:52 | Nature's Blessing |
| 29:02 | Shadow Strike |
| 30:19 | Metamorphosis |
| 31:09 | Wisp |
| 31:09 | Wisp |
| 31:09 | Wisp |
| 31:09 | Wisp |
| 31:09 | Wisp |
| Right click | 2439 |
| Select group | 712 |
| Assign group | 407 |
| Select | 337 |
| Resource trade | 211 |
| Use ability | 139 |
| Build/train/purchase | 119 |
| Chat | 98 |
| Misc. action | 9 |
| Item give/drop | 9 |
| Minimap ping | 4 |



| Scroll of Regeneration | 1 | 100 |
| Staff of Sanctuary | 3 | 750 |
| Staff of Teleportation | 1 | 150 |
| Boots of Speed | 2 | 500 |
| Periapt of Vitality | 1 | 325 |
| Circlet of Nobility | 1 | 175 |
| Potion of Lesser Invulnerability | 1 | 150 |
| Orb of Venom | 2 | 650 |
| total: | 12 | 2800g |
| Peasant | 23 | 1725 | / | 0 |
| total: | 23 | 1725g | / | 0w |
| Scout Tower | 145 | 4350 | / | 2900 |
| Arcane Tower | 3 | 210 | / | 150 |
| Guard Tower | 55 | 3850 | / | 2750 |
| Altar of Kings | 1 | 180 | / | 50 |
| Farm | 3 | 240 | / | 60 |
| Lumber Mill | 1 | 120 | / | 0 |
| Town Hall | 1 | 385 | / | 205 |
| Arcane Vault | 3 | 390 | / | 90 |
| Arcane Sanctum | 2 | 300 | / | 280 |
| Keep | 1 | 320 | / | 210 |
| Castle | 1 | 360 | / | 210 |
| total: | 156 | 5965g | / | 3585w |
| 0:01 | Peasant |
| 0:07 | Altar of Kings |
| 0:08 | Peasant |
| 0:17 | Farm |
| 0:19 | Peasant |
| 0:39 | Lumber Mill |
| 0:40 | Peasant |
| 0:53 | Peasant |
| 1:02 | Peasant |
| 1:22 | Scout Tower |
| 1:25 | Scout Tower |
| 1:27 | Peasant |
| 1:37 | Scout Tower |
| 1:39 | Peasant |
| 1:44 | Scout Tower |
| 1:47 | Peasant |
| 1:49 | Farm |
| 1:51 | Arcane Tower |
| 1:53 | Arcane Tower |
| 2:11 | Scout Tower |
| 2:14 | Scout Tower |
| 2:19 | Guard Tower |
| 2:20 | Scout Tower |
| 2:27 | Blizzard |
| 2:29 | Peasant |
| 2:40 | Scout Tower |
| 2:40 | Scout Tower |
| 3:08 | Guard Tower |
| 3:10 | Scout Tower |
| 3:10 | Scout Tower |
| 3:11 | Guard Tower |
| 3:12 | Guard Tower |
| 3:13 | Scout Tower |
| 3:17 | Guard Tower |
| 3:21 | Scout Tower |
| 3:22 | Scout Tower |
| 3:22 | Scout Tower |
| 3:23 | Scout Tower |
| 3:26 | Peasant |
| 3:39 | Guard Tower |
| 4:14 | Town Hall |
| 4:34 | Guard Tower |
| 4:38 | Scout Tower |
| 4:39 | Scout Tower |
| 4:39 | Scout Tower |
| 4:40 | Scout Tower |
| 4:42 | Peasant |
| 4:52 | Scout Tower |
| 4:52 | Scout Tower |
| 4:53 | Scout Tower |
| 4:53 | Scout Tower |
| 4:57 | Brilliance Aura |
| 5:15 | Guard Tower |
| 5:26 | Scout Tower |
| 5:26 | Scout Tower |
| 5:27 | Scout Tower |
| 5:28 | Scout Tower |
| 5:30 | Peasant |
| 5:32 | Guard Tower |
| 5:35 | Scout Tower |
| 5:35 | Scout Tower |
| 5:36 | Scout Tower |
| 5:36 | Scout Tower |
| 5:40 | Guard Tower |
| 5:44 | Improved Masonry |
| 6:01 | Guard Tower |
| 6:08 | Peasant |
| 6:08 | Peasant |
| 6:10 | Peasant |
| 6:10 | Peasant |
| 6:20 | Staff of Teleportation |
| 6:27 | Peasant |
| 6:30 | Peasant |
| 6:48 | Guard Tower |
| 7:28 | Peasant |
| 7:30 | Scout Tower |
| 7:30 | Scout Tower |
| 7:31 | Scout Tower |
| 7:31 | Scout Tower |
| 7:32 | Guard Tower |
| 7:34 | Scout Tower |
| 7:37 | Scout Tower |
| 7:38 | Scout Tower |
| 7:38 | Scout Tower |
| 7:44 | Keep |
| 7:59 | Arcane Vault |
| 8:15 | Scout Tower |
| 8:31 | Guard Tower |
| 8:32 | Guard Tower |
| 8:40 | Scout Tower |
| 8:41 | Scout Tower |
| 8:41 | Scout Tower |
| 8:42 | Scout Tower |
| 8:50 | Guard Tower |
| 8:51 | Scout Tower |
| 8:55 | Scout Tower |
| 8:56 | Scout Tower |
| 8:56 | Scout Tower |
| 8:56 | Scout Tower |
| 9:26 | Guard Tower |
| 9:27 | Guard Tower |
| 9:31 | Scout Tower |
| 9:32 | Scout Tower |
| 9:32 | Scout Tower |
| 9:33 | Scout Tower |
| 9:34 | Guard Tower |
| 9:36 | Guard Tower |
| 9:40 | Scout Tower |
| 9:40 | Scout Tower |
| 9:41 | Scout Tower |
| 9:41 | Scout Tower |
| 9:43 | Guard Tower |
| 9:46 | Scout Tower |
| 9:46 | Scout Tower |
| 9:47 | Scout Tower |
| 9:47 | Scout Tower |
| 9:59 | Guard Tower |
| 10:02 | Scout Tower |
| 10:02 | Scout Tower |
| 10:03 | Scout Tower |
| 10:03 | Scout Tower |
| 10:04 | Scout Tower |
| 10:05 | Scout Tower |
| 10:06 | Scout Tower |
| 10:07 | Scout Tower |
| 10:08 | Guard Tower |
| 10:12 | Peasant |
| 10:14 | Farm |
| 10:15 | Advanced Masonry |
| 10:19 | Guard Tower |
| 10:30 | Guard Tower |
| 10:31 | Guard Tower |
| 10:56 | Orb of Venom |
| 10:59 | Guard Tower |
| 11:04 | Peasant |
| 11:17 | Guard Tower |
| 11:18 | Guard Tower |
| 11:19 | Guard Tower |
| 11:22 | Peasant |
| 11:37 | Storm Bolt |
| 11:42 | Guard Tower |
| 12:23 | Blizzard |
| 12:56 | Guard Tower |
| 13:06 | Scroll of Regeneration |
| 13:12 | Orb of Venom |
| 13:13 | Castle |
| 14:06 | Arcane Vault |
| 14:07 | Arcane Vault |
| 14:53 | Scout Tower |
| 14:53 | Scout Tower |
| 14:54 | Scout Tower |
| 14:54 | Scout Tower |
| 15:58 | Staff of Sanctuary |
| 16:05 | Staff of Sanctuary |
| 16:12 | Scout Tower |
| 16:12 | Scout Tower |
| 16:12 | Scout Tower |
| 16:13 | Scout Tower |
| 16:42 | Imbued Masonry |
| 17:20 | Holy Light |
| 17:40 | Scout Tower |
| 17:40 | Scout Tower |
| 17:42 | Scout Tower |
| 17:42 | Scout Tower |
| 17:43 | Scout Tower |
| 17:43 | Scout Tower |
| 17:44 | Scout Tower |
| 17:46 | Scout Tower |
| 17:46 | Scout Tower |
| 17:47 | Scout Tower |
| 17:49 | Scout Tower |
| 17:50 | Scout Tower |
| 18:07 | Scout Tower |
| 18:08 | Scout Tower |
| 18:09 | Scout Tower |
| 18:09 | Scout Tower |
| 18:09 | Scout Tower |
| 18:19 | Guard Tower |
| 18:20 | Guard Tower |
| 18:29 | Guard Tower |
| 18:38 | Staff of Sanctuary |
| 18:41 | Guard Tower |
| 19:48 | Bash |
| 20:07 | Scout Tower |
| 20:08 | Scout Tower |
| 20:08 | Scout Tower |
| 20:08 | Scout Tower |
| 20:37 | Guard Tower |
| 20:47 | Guard Tower |
| 21:36 | Scout Tower |
| 21:36 | Scout Tower |
| 21:36 | Scout Tower |
| 21:37 | Scout Tower |
| 22:06 | Scout Tower |
| 22:06 | Scout Tower |
| 22:08 | Guard Tower |
| 22:09 | Scout Tower |
| 22:10 | Scout Tower |
| 22:10 | Scout Tower |
| 22:13 | Scout Tower |
| 22:53 | Guard Tower |
| 23:36 | Guard Tower |
| 24:14 | Scout Tower |
| 24:14 | Scout Tower |
| 24:15 | Scout Tower |
| 24:15 | Scout Tower |
| 24:16 | Scout Tower |
| 24:18 | Brilliance Aura |
| 24:20 | Divine Shield |
| 25:14 | Storm Bolt |
| 25:16 | Guard Tower |
| 25:29 | Scout Tower |
| 25:29 | Scout Tower |
| 25:30 | Scout Tower |
| 25:30 | Scout Tower |
| 25:33 | Scout Tower |
| 25:33 | Scout Tower |
| 25:33 | Scout Tower |
| 25:34 | Scout Tower |
| 26:11 | Boots of Speed |
| 26:11 | Periapt of Vitality |
| 26:12 | Circlet of Nobility |
| 26:14 | Potion of Lesser Invulnerability |
| 26:19 | Boots of Speed |
| 26:22 | Guard Tower |
| 26:24 | Scout Tower |
| 26:24 | Scout Tower |
| 26:25 | Scout Tower |
| 26:26 | Scout Tower |
| 26:26 | Scout Tower |
| 26:27 | Scout Tower |
| 26:27 | Scout Tower |
| 27:44 | Holy Light |
| 27:47 | Holy Light |
| 27:58 | Guard Tower |
| 28:42 | Scout Tower |
| 28:43 | Scout Tower |
| 28:43 | Scout Tower |
| 28:44 | Scout Tower |
| 29:04 | Arcane Sanctum |
| 29:06 | Arcane Sanctum |
| 29:10 | Guard Tower |
| 29:11 | Guard Tower |
| 29:18 | Scout Tower |
| 29:18 | Scout Tower |
| 29:18 | Scout Tower |
| 29:18 | Scout Tower |
| 30:10 | Guard Tower |
| 30:11 | Scout Tower |
| 30:11 | Scout Tower |
| 30:12 | Scout Tower |
| 30:12 | Scout Tower |
| 30:13 | Guard Tower |
| 30:41 | Bash |
| 31:00 | Magic Sentry |
| 31:10 | Guard Tower |
| 31:13 | Scout Tower |
| 31:13 | Scout Tower |
| 31:13 | Scout Tower |
| 31:14 | Scout Tower |
| 31:29 | Blizzard |
| Right click | 2719 |
| Select | 1785 |
| Select group | 425 |
| Build/train/purchase | 188 |
| Assign group | 179 |
| Use ability | 134 |
| Resource trade | 23 |
| Minimap ping | 16 |
| Misc. action | 6 |
| Item give/drop | 2 |
⇛